AoeStats
← Erick14mar

Arena

508144085Analyzed
3v3 RM · 12d ago on Sep 21, 2026· 57m 51s· 6 players
Game mode
Random Map
Map size
Normal (6 player)
Population
200
Speed
Normal
Resources
Standard
Victory
Conquest
Starting age
Dark Age
Ending age
Imperial Age
RankedLock teamsTeams togetherTeam positionsShared explorationLock speedFull tech treeHidden civsTurbo modeCheats
Victory
Defeat
🇵🇪 Poles · Peru
1301
+16
🇪🇸 Sicilians · Spain
1270
+17
🇫🇷 Romans · France
1229
+19
🇵🇪 Persians · Peru
1349
-20
🇵🇪 Italians · Peru
1308
-18
🇵🇪 Khmer · Peru
1217
-14
Luden
12:17 Feudal Age
16:05 Castle Age
13:52 Double-Bit Axe
14:02 Horse Collar
14:30 Gold Mining
15:46 Wheelbarrow
17:27 Bow Saw
18:01 Scale Barding Armor
18:07 Forging
22:51 Chain Barding Armor
23:49 Hand Cart
23:19 Loom
24:23 Bloodlines
25:31 Iron Casting
26:59 Husbandry
27:44 Gold Shaft Mining
27:11 Heavy Plow
27:22 Town Watch
32:32 Imperial Age
30:16 Pikeman
30:56 Squires
31:14 Scale Mail Armor
32:10 Chain Mail Armor
32:33 Cavalier
33:49 Plate Barding Armor
32:46 Halberdier
34:55 Guilds
35:55 Blast Furnace
34:46 Fletching
37:17 Bodkin Arrow
40:34 Heavy Scorpion
42:19 Chemistry
41:40 Ballistics
42:45 Ballistas
43:57 Conscription
49:26 Siege Engineers
52:01 Elite Centurion
KRAIKTON
10:33 Feudal Age
13:36 Wheelbarrow
13:10 Loom
15:53 Castle Age
14:14 Double-Bit Axe
14:35 Horse Collar
16:50 Bow Saw
27:09 Stone Mining
27:18 Town Watch
28:32 Wheelbarrow
30:10 Stone Shaft Mining
29:28 Gold Mining
30:45 Hand Cart
30:32 Fletching
31:53 Gold Shaft Mining
31:35 Scale Mail Armor
31:46 Forging
33:07 Chain Mail Armor
36:56 Imperial Age
35:14 Iron Casting
34:33 Arson
35:16 Squires
36:56 Capped Ram
37:03 Elite Serjeant
38:18 Plate Mail Armor
38:03 Heavy Plow
38:48 Siege Engineers
40:35 Blast Furnace
39:26 Siege Ram
42:15 Crop Rotation
42:18 Conscription
42:52 First Crusade
43:08 Hoardings
48:10 Masonry
48:21 Ballistics
49:02 Chemistry
47:49 Arrowslits
48:00 Murder Holes
48:13 Gambesons
Erick14mar
5:29 Loom
8:37 Feudal Age
11:41 Fletching
23:30 Horse Collar
25:35 Double-Bit Axe
28:17 Castle Age
29:03 Bodkin Arrow
29:13 Pikeman
30:11 Squires
29:56 Arson
30:24 Scale Mail Armor
30:34 Forging
30:25 Padded Archer Armor
31:22 Chain Mail Armor
39:00 Imperial Age
37:49 Wheelbarrow
37:00 Town Watch
39:55 Bloodlines
39:45 Husbandry
39:07 Light Cavalry
41:08 Iron Casting
40:34 Padded Archer Armor
40:39 Scale Barding Armor
44:23 Imperial Age
42:34 Light Cavalry
43:15 Husbandry
43:26 Bloodlines
43:33 Town Watch
44:25 Wheelbarrow
46:33 Winged Hussar
47:45 Chain Barding Armor
48:25 Blast Furnace
47:26 Bracer
51:05 Cavalier
53:01 Gold Mining
Cjota
2:25 Loom
10:48 Feudal Age
15:00 Castle Age
22:31 Fletching
30:31 Imperial Age
29:29 Double-Bit Axe
30:38 Bodkin Arrow
33:04 Wheelbarrow
33:04 Conscription
36:08 Ballistics
36:49 Chemistry
36:56 Fortified Wall
42:11 Fortified Wall
53:32 Husbandry
gobenjc
10:29 Feudal Age
11:42 Double-Bit Axe
13:15 Loom
15:59 Fletching
16:06 Town Watch
29:06 Padded Archer Armor
34:12 Castle Age
35:41 Scale Barding Armor
37:19 Bloodlines
38:09 Wheelbarrow
40:03 Bow Saw
48:22 Imperial Age
46:18 Bodkin Arrow
46:39 Leather Archer Armor
46:47 Ballistics
50:14 Chemistry
49:59 Bracer
50:30 Ring Archer Armor
51:13 Pikeman
51:54 Squires
51:40 Arson
51:58 Scale Mail Armor
52:09 Forging
53:10 Conscription
57:37 Fortified Wall
tomitom
10:49 Feudal Age
14:34 Castle Age
12:56 Double-Bit Axe
12:55 Horse Collar
18:04 Loom
28:24 Imperial Age
26:11 Husbandry
26:22 Scale Barding Armor
26:42 Heavy Plow
27:00 Bloodlines
27:22 Bow Saw
27:52 Chain Barding Armor
28:19 Wheelbarrow
28:25 Wheelbarrow
27:36 Town Watch
28:49 Forging
29:17 Plate Barding Armor
28:09 Cavalier
31:13 Iron Casting
30:43 Capped Ram
32:16 Crop Rotation
31:25 Savar
32:26 Siege Ram
33:28 Conscription
34:30 Gold Mining
34:31 Stone Mining
36:15 Blast Furnace
37:21 Heavy Scorpion
40:03 Fletching
41:20 Chemistry
43:19 Bodkin Arrow
43:48 Heavy Camel Rider
46:12 Two-Man Saw
45:37 Padded Archer Armor
49:28 Ballistics
49:22 Light Cavalry
50:47 Hussar
Connection lost

Rejoining the realm…

Still unreachable

The connection could not be restored.

Session expired

The server has moved on; the page needs a fresh start.